 Dungeon Sprint DCSS version 0.18.1-6-gd335043 (webtiles) character file.

14900000 tix the Conqueror (level 27, -5/249 HPs)
             Began as a Demonspawn Abyssal Knight on May 18, 2016.
             Was the Champion of Makhleb.
             Slain by a meat berserker
             ... wielding a +9 battleaxe
              (36 damage)
             ... in the Dungeon (Sprint VIII: "Arena of Blood").
             The game lasted 00:04:59 (149 turns).

tix the Conqueror (Demonspawn Abyssal Knight)        Turns: 149, Time: 00:04:59

Health: -5/249     AC: 10    Str: 15    XL:     27
Magic:  54/54      EV: 37    Int: 14    God:    Makhleb [******]
Gold:   0          SH:  0    Dex: 23    Spells: 0 memorised, 80 levels left

rFire  . . .     SeeInvis +     j - +∞ Axe of Woe
rCold  . . .     Gourm    .     b - +0 leather armour
rNeg   . . .     Faith    .     (shield currently unavailable)
rPois  .         Spirit   .     (helmet unavailable)
rElec  .         Dismiss  .     (no cloak)
rCorr  +         Reflect  .     (no gloves)
SustAt .         Harm     .     (no boots)
MR     ++...     NoTele   +     (no amulet)
Stlth  ++++++++++               (no ring)
                                (no ring)

@: lethally poisoned (-5 -> -27), slowed, very slow, very resistant to hostile
enchantments, uncannily stealthy
A: antennae 3, yellow scales 3, foul stench 2, nightstalker 3, augmentation 3,
rot immunity
a: Minor Destruction, Lesser Servant of Makhleb, Major Destruction, Greater
Servant of Makhleb, Renounce Religion


You were in the Dungeon.
You worshipped Makhleb.
Makhleb was exalted by your worship.
You were not hungry.

You visited 1 branch

Inventory:

Hand Weapons
 a - a +1 hand axe
 j - the +∞ Axe of Woe (weapon)
   (You found it in the Dungeon)
Armour
 b - a +0 leather armour (worn)
Scrolls
 i - a scroll of blinking
Potions
 d - a potion of curing
 e - a potion of heal wounds
 f - a potion of haste
 g - a potion of magic
 h - a potion of berserk rage
Comestibles
 c - a bread ration


   Skills:
 O Level 27 Fighting
 O Level 27 Axes
 O Level 27 Throwing
 O Level 27 Armour
 O Level 27 Dodging
 O Level 27 Stealth
 O Level 27 Unarmed Combat
 O Level 27 Spellcasting
 O Level 27 Invocations


You had 80 spell levels left.
You didn't know any spells.

Dungeon Overview and Level Annotations

Branches:
Dungeon (1/1)

Altars:
Makhleb
Lugonu

Annotations:
D corrupted, The Meatlord


Innate Abilities, Weirdness & Mutations

You have a pair of large antennae on your head (SInv).
You are completely covered in yellow scales (AC +4, rCorr).
You frequently emit foul miasma when damaged in melee.
You are completely attuned to the shadows.
Your magical and physical power is greatly enhanced at high health.
You are immune to rotting.


Message History

The bag of meat convulses!
The scourge convulses!
The meat berserker convulses!
Your body is wracked with pain!
The scourge convulses!
The bag of meat convulses!
The meat berserker convulses!
The observer convulses!
The bag of meat convulses!
The bag of meat shouts!
The bag of meat convulses!
A bag of meat comes into view. It is wielding a +9 war axe.
The bag of meat shouts!
The scourge convulses!
The accursed points at you and mumbles some strange words.
Something smites you!
You hear a shout! x3
The scourge throws poison arrow at you.
The poison arrow hits the observer.
The observer partially resists.
The observer is poisoned.
The observer completely misses you. x2
The meat berserker hits you with a +9 battleaxe!!!!
* * * LOW HITPOINT WARNING * * *
The meat berserker looks sick.
You emit a cloud of foul miasma!
The meat berserker hits you with a +9 battleaxe!!!
You die...

{{ ....{ .{...
# ...§.{.{. .
..#....o..#..
...#.%..%...
{{o#%)){.#..#..
{.zW#oo#)....#{
{.SW%##_)......
{..MWO@G)%##..{
.#M.SOG<..# { {
.poDoS%%%#{{
oo&o.._#.#{.{{
....%.##..#{{{{
.{#..# ...{#{.
#.. ..# #.. ..#
.. ..


You could see The Meatlord (wandering), 2 accurseds, an eight-headed meat hydra
(wandering), 2 observers, 3 scourges, a fleshlord (wandering), a sculptor of
flesh, a wretched soul (invisible), 2 dreads, 2 meat berserkers and 5 bags of
meat.

Vanquished Creatures
  3 hell knights (D)
  8 hell beasts (D)
  6 greater mummies (D)
  7 great orbs of eyes (D)
  2 wraiths (D)
  20 vampire knights (D)
  42 ogres (D)
  3 liches (D)
  77 orcs (D)
  5 phantoms (D)
  6 hill giants (D)
  3 skeletal warriors (D)
  2 sea snakes (D)
  7 large abominations (D)
  3 small abominations (D)
  A crawling corpse (D)
195 creatures vanquished.

Vanquished Creatures (others)
  A crawling corpse (D)
  3 starspawn tentacles (D)
4 creatures vanquished.

Grand Total: 199 creatures vanquished

Notes
Turn   | Place    | Note
--------------------------------------------------------------
     0 | D        | tix the Demonspawn Abyssal Knight began the quest for the Orb.
     0 | D        | Reached XP level 1. HP: 18/18 MP: 2/2
     5 | D        | Noticed a bag of meat
     9 | D        | Noticed a bag of meat
    10 | D        | Killed a bag of meat
    10 | D        | Reached skill level 10 in Armour
    10 | D        | Gained mutation: You have a pair of small antennae on your head. [demonic ancestry]
    10 | D        | Reached XP level 2. HP: 52/52 MP: 2/9
    10 | D        | Gained mutation: You have a pair of antennae on your head. [demonic ancestry]
    10 | D        | Reached XP level 3. HP: 59/59 MP: 2/11
    10 | D        | Reached XP level 4. HP: 66/66 MP: 2/12
    10 | D        | Reached XP level 5. HP: 73/73 MP: 2/14
    10 | D        | Gained mutation: You are slightly more attuned to the shadows. [demonic ancestry]
    10 | D        | Reached XP level 6. HP: 80/80 MP: 2/15
    10 | D        | Gained mutation: You are partially covered in yellow scales (AC +2). [demonic ancestry]
    10 | D        | Reached XP level 7. HP: 87/87 MP: 2/16
    10 | D        | Gained mutation: You have a pair of large antennae on your head (SInv). [demonic ancestry]
    10 | D        | Reached XP level 8. HP: 94/94 MP: 2/17
    10 | D        | Reached XP level 9. HP: 101/101 MP: 2/18
    10 | D        | Reached XP level 10. HP: 108/108 MP: 2/19
    10 | D        | Reached XP level 11. HP: 115/115 MP: 2/20
    12 | D        | Killed a bag of meat
    12 | D        | Reached ** piety under Lugonu
    12 | D        | Reached XP level 12. HP: 129/129 MP: 2/23
    14 | D        | Noticed a meat berserker
    14 | D        | Noticed a meat berserker
    16 | D        | Noticed a meat berserker
    16 | D        | Noticed a meat berserker
    16 | D        | Noticed a bag of meat
    16 | D        | Noticed a bag of meat
    17 | D        | Noticed a bag of meat
    17 | D        | Noticed a bag of meat
    17 | D        | Killed a meat berserker
    17 | D        | Gained mutation: You are immune to rotting. [demonic ancestry]
    17 | D        | Reached XP level 13. HP: 143/143 MP: 3/25
    17 | D        | Gained mutation: You are mostly covered in yellow scales (AC +3). [demonic ancestry]
    17 | D        | Reached XP level 14. HP: 151/151 MP: 3/26
    18 | D        | Noticed a bag of meat
    18 | D        | Noticed a bag of meat
    18 | D        | Noticed a bag of meat
    18 | D        | Killed a meat berserker
    18 | D        | Reached *** piety under Lugonu
    18 | D        | Reached skill level 27 in Fighting
    18 | D        | Reached XP level 15. HP: 86/159 MP: 3/29
    18 | D        | Killed a meat berserker
    19 | D        | Noticed a meat berserker
    19 | D        | Killed a meat berserker
    19 | D        | Gained mutation: You are completely covered in yellow scales (AC +4, rCorr). [demonic ancestry]
    19 | D        | Reached XP level 16. HP: 91/167 MP: 4/32
    19 | D        | Reached **** piety under Lugonu
    21 | D        | Noticed a large bag of meat
    21 | D        | Noticed a meat berserker
    21 | D        | Reached skill level 27 in Invocations
    21 | D        | Reached XP level 17. HP: 95/174 MP: 30/34
    21 | D        | Reached skill level 10 in Dodging
    22 | D        | Noticed a meat berserker
    22 | D        | Corrupted D
    23 | D        | Noticed a meat berserker
    23 | D        | Reached skill level 27 in Axes
    24 | D        | Noticed a meat berserker
    24 | D        | Noticed a meat berserker
    24 | D        | Fell from the grace of Lugonu
    24 | D        | Became a worshipper of Makhleb the Destroyer
    25 | D        | Killed a meat berserker
    25 | D        | Reached * piety under Makhleb
    25 | D        | Reached skill level 27 in Armour
    25 | D        | Gained mutation: You are significantly more attuned to the shadows. [demonic ancestry]
    25 | D        | Reached XP level 18. HP: 49/182 MP: 24/35
    26 | D        | Killed a meat berserker
    27 | D        | Reached ** piety under Makhleb
    27 | D        | Reached skill level 27 in Dodging
    27 | D        | Gained mutation: You are completely attuned to the shadows. [demonic ancestry]
    27 | D        | Reached XP level 19. HP: 148/189 MP: 24/36
    31 | D        | Killed a meat berserker
    31 | D        | Reached skill level 10 in Stealth
    31 | D        | Killed a meat berserker
    31 | D        | Reached *** piety under Makhleb
    32 | D        | Killed a meat berserker
    32 | D        | Reached skill level 15 in Throwing
    32 | D        | Reached skill level 15 in Unarmed Combat
    32 | D        | Reached skill level 15 in Spellcasting
    32 | D        | Gained mutation: You may emit foul miasma when damaged in melee. [demonic ancestry]
    32 | D        | Reached XP level 20. HP: 197/197 MP: 25/39
    33 | D        | Killed a meat berserker
    33 | D        | Reached **** piety under Makhleb
    35 | D        | Reached ***** piety under Makhleb
    36 | D        | Noticed a destroyer
    36 | D        | Noticed a destroyer
    36 | D        | Gained mutation: Your magical and physical power is slightly enhanced at high health. [demonic ancestry]
    36 | D        | Reached XP level 21. HP: 204/204 MP: 26/45
    37 | D        | Noticed a destroyer
    39 | D        | Reached ****** piety under Makhleb
    40 | D        | Killed a destroyer
    40 | D        | Reached skill level 27 in Stealth
    40 | D        | Reached XP level 22. HP: 212/212 MP: 27/51
    41 | D        | Killed a destroyer
    41 | D        | Reached skill level 27 in Throwing
    41 | D        | Reached skill level 27 in Unarmed Combat
    41 | D        | Reached skill level 27 in Spellcasting
    41 | D        | Gained mutation: Your magical and physical power is enhanced at high health. [demonic ancestry]
    41 | D        | Reached XP level 23. HP: 219/219 MP: 27/54
    41 | D        | Noticed a destroyer
    42 | D        | Killed a destroyer
    43 | D        | Noticed a destroyer
    44 | D        | Noticed a destroyer
    44 | D        | Gained mutation: You frequently emit foul miasma when damaged in melee. [demonic ancestry]
    44 | D        | Reached XP level 24. HP: 227/227 MP: 28/54
    46 | D        | Gained mutation: Your magical and physical power is greatly enhanced at high health. [demonic ancestry]
    46 | D        | Reached XP level 25. HP: 226/234 MP: 28/54
    46 | D        | Killed a destroyer
    46 | D        | Noticed a destroyer
    49 | D        | Reached XP level 26. HP: 242/242 MP: 29/54
    49 | D        | Killed a destroyer
    50 | D        | Noticed a destroyer
    52 | D        | Noticed a tyrant
    52 | D        | Killed a destroyer
    53 | D        | Noticed a destroyer
    54 | D        | Reached XP level 27. HP: 152/249 MP: 30/54
    55 | D        | Killed a destroyer
    56 | D        | Noticed a destroyer
    58 | D        | Killed a destroyer
    58 | D        | Noticed a destroyer
    59 | D        | Killed a destroyer
    60 | D        | Noticed a meat beast
    61 | D        | Noticed a destroyer
    61 | D        | Killed a meat beast
    61 | D        | Killed a destroyer
    63 | D        | Noticed a destroyer
    64 | D        | Killed a tyrant
    64 | D        | Noticed a destroyer
    65 | D        | Noticed an accursed
    65 | D        | Noticed a destroyer
    66 | D        | Killed a destroyer
    66 | D        | Killed a destroyer
    66 | D        | Killed a destroyer
    69 | D        | Noticed a destroyer
    69 | D        | Killed a destroyer
    69 | D        | Killed a destroyer
    70 | D        | Noticed a meat beast
    71 | D        | Noticed a meat beast
    72 | D        | Noticed a destroyer
    73 | D        | Killed a meat beast
    74 | D        | Noticed a destroyer
    74 | D        | Noticed a destroyer
    74 | D        | Killed an accursed
    74 | D        | Killed a meat beast
    75 | D        | Noticed an accursed
    77 | D        | Killed a destroyer
    78 | D        | Noticed a dread
    78 | D        | Killed a destroyer
    80 | D        | Noticed a tyrant
    80 | D        | Killed a destroyer
    81 | D        | Killed a destroyer
    82 | D        | Killed an accursed
    86 | D        | Killed a dread
    90 | D        | Killed a tyrant
    99 | D        | Noticed a meat beast
    99 | D        | Noticed an accursed
    99 | D        | Noticed an accursed
   100 | D        | Killed a meat beast
   101 | D        | Noticed a destroyer
   101 | D        | Noticed an accursed
   102 | D        | Killed a destroyer
   103 | D        | Killed an accursed
   106 | D        | Noticed a meat beast
   107 | D        | Noticed a dread
   108 | D        | Noticed an accursed
   108 | D        | Killed a meat beast
   109 | D        | Killed an accursed
   112 | D        | Noticed a meat beast
   113 | D        | Killed an accursed
   113 | D        | Killed a dread
   114 | D        | Killed a meat beast
   114 | D        | Noticed a meat beast
   116 | D        | Noticed a tyrant
   118 | D        | Killed a meat beast
   124 | D        | Noticed a fleshlord
   124 | D        | Killed a tyrant
   127 | D        | Noticed a fleshlord
   127 | D        | Killed an accursed
   128 | D        | Killed a fleshlord
   133 | D        | Killed a fleshlord
   141 | D        | Noticed a meat beast
   142 | D        | Noticed a fleshlord
   142 | D        | Killed a meat beast
   145 | D        | Noticed an accursed
   146 | D        | Killed a fleshlord
   148 | D        | Noticed a dread
   149 | D        | Noticed a dread
   149 | D        | Noticed The Meatlord
   149 | D        | Slain by a meat berserker

Skill      XL: |  1  2  3  4  5  6  7  8  9 10 11 12 13 14 15 16 17 18 19 20 21 22 |
---------------+-------------------------------------------------------------------+-----
Fighting       | 20 23 26 27 | 27.0
Axes           | 11 12 14 18 23 25 27 | 27.0
Armour         | 10 12 14 17 21 22 27 | 27.0
Dodging        | 4 6 8 9 20 27 | 27.0
Invocations    | 13 14 17 20 25 27 | 27.0
Throwing       | 15 20 25 27 | 27.0
Stealth        | 16 22 27 | 27.0
Unarmed Combat | 15 20 25 27 | 27.0
Spellcasting   | 15 20 25 27 | 27.0

Action                   |  1- 3 |  4- 6 |  7- 9 | 10-12 | 13-15 | 16-18 | 19-21 | 22-24 | 25-27 || total
-------------------------+-------+-------+-------+-------+-------+-------+-------+-------+-------++-------
Melee: Executioner's axe |     1 |       |       |     2 |     2 |     5 |    10 |     6 |    77 ||   103
Invok: Corrupt           |       |       |       |       |       |     1 |       |       |       ||     1
       Greater Servant o |       |       |       |       |       |       |       |       |     2 ||     2
  Use: Potion            |       |       |       |       |       |     1 |       |       |       ||     1
Armor: Leather armour    |       |       |       |       |       |       |       |       |     2 ||     2
Dodge: Dodged            |       |       |       |       |       |       |       |       |    28 ||    28
